 Dungeon Crawl Stone Soup version 0.28-a0-664-gc179e30c89 (webtiles) character file.

Game seed: 17964482976230126440

136 bande the Skirmisher (level 5, 0/33 HPs)
             Began as a Gargoyle Fighter on Oct 17, 2021.
             Slain by Grinder (8 damage)
             ... while paralysed by Grinder
             ... on level 3 of the Dungeon.
             The game lasted 00:02:35 (2214 turns).

bande the Skirmisher (Gargoyle Fighter)             Turns: 2214, Time: 00:02:35

Health: 0/33       AC: 14    Str: 20    XL:     5   Next: 19%
Magic:  5/5        EV:  2    Int:  9    God:
Gold:   142        SH:  0    Dex:  9    Spells: 4/4 levels left

rFire   . . .      SeeInvis .   a - +0 war axe
rCold   . . .      Faith    .   c - +0 buckler
rNeg    + . .      Spirit   .   h - +0 chain mail
rPois   ∞          Reflect  .   (no helmet)
rElec   +          Harm     .   (no cloak)
rCorr   .          Rampage  .   (no gloves)
Will    .....                   g - +0 pair of boots
Stlth   ..........              (no amulet)
HPRegen 0.11/turn               (no ring)
MPRegen 0.09/turn               (no ring)

@: paralysed
A: sickness immunity, AC +4, negative energy resistance 1, electricity
resistance, torment resistance 1, petrification resistance
a: no special abilities


You were on level 3 of the Dungeon.
You visited 1 branch of the dungeon, and saw 3 of its levels.

You collected 142 gold pieces.

Inventory:

Hand Weapons
 a - a +0 war axe (weapon)
 n - a +0 war axe
Armour
 b - a +3 ring mail of fire resistance
 c - a +0 buckler (worn)
 g - a +0 pair of boots (worn)
 h - a +0 chain mail (worn)
Scrolls
 e - 3 scrolls of teleportation
 j - a scroll of magic mapping {unknown}
 l - a scroll of enchant weapon {unknown}
 m - a scroll of torment {unknown}
 p - 3 scrolls of identify {unknown}
 s - a scroll of fog {unknown}
 t - a scroll of immolation {unknown}
Potions
 d - a potion of might
 f - a potion of curing
 i - a potion of berserk rage {unknown}
 k - a potion of heal wounds {unknown}
 o - a potion of attraction {unknown}
 q - a potion of haste {unknown}
 r - a potion of flight {unknown}


   Skills:
 + Level 4.0 Fighting
 + Level 3.4 Axes
 + Level 4.0 Armour
 + Level 3.9 Shields


You had 4 spell levels left.
You didn't know any spells.
Your spell library contained the following spells:

 Spells                   Type           Power      Damage    Failure   Level
 Conjure Flame            Conj/Fire      0%         6-21      100%        3
 Ignite Poison            Fire/Tmut/Pois 0%         N/A       100%        3
 Sticky Flame             Conj/Fire      0%         2d3       100%        4


Dungeon Overview and Level Annotations

Branches:
Dungeon (3/15)

Altars:

Annotations:
D:3 Grinder


Innate Abilities, Weirdness & Mutations

You are immune to sickness and miasma.
Your stone body is resilient. (AC +4)
You are immune to poison.
You resist negative energy. (rN+)
You are resistant to electric shocks. (rElec)
You are resistant to unholy torment.
You are immune to petrification.


Message History

Grinder gestures at you.
You shrug off the repeated paralysis!
You barely miss Grinder.
Grinder is moderately wounded.
Grinder says, "My boss said I was rubbish.
His entrails said otherwise."
Grinder gestures at you. You resist with significant effort.
You hit Grinder but do no damage.
Grinder is moderately wounded.
Grinder hits you but does no damage. Grinder gestures at you.
You resist with significant effort.
You slash Grinder!
Grinder is heavily wounded.
Grinder gestures at you. You resist with significant effort.
You closely miss Grinder.
Grinder is heavily wounded.
Grinder hits you but does no damage.
You slash Grinder!
Grinder is almost dead.
Grinder drinks a potion.
Grinder is healed!
Grinder hits you but does no damage.
You slash Grinder!
Grinder is almost dead.
Grinder says, "You look like you could use a good racking."
Grinder gestures at you. Pain shoots through your body!
You closely miss Grinder.
Grinder is almost dead.
Grinder gestures at you.
You suddenly lose the ability to move!
Grinder hits you.
You writhe in agony.
Grinder hits you but does no damage.
Grinder grins, showing sharp teeth.
Grinder gestures at you. Pain shoots through your body!
* * * LOW HITPOINT WARNING * * *
Grinder hits you!
You die...

. .. .# .. ###. .# #..
# .## #.# ###.### ..##
##<# .......
#..#########..#
#.....####....#......##
#.......@5##......†..##
#.#...###..#..........#
###.. ##............#
##..##............#
#...............###
....................
.......#.........##..
#########........####
#..........#


You could see Grinder.

Vanquished Creatures
  Jessica (D:2)
  Terence (D:2)
  4 adders
  A worm (D:2)
  A dart slug (D:2)
  2 ball pythons (D:2)
  9 endoplasms
  2 giant cockroaches (D:1)
  3 goblins (D:2)
  3 hobgoblins
  2 quokkas
  2 bats
  5 frilled lizards
  4 kobolds (D:2)
  A quokka skeleton (D:2)
  3 rats
44 creatures vanquished.

Notes
Turn   | Place    | Note
-------+----------+-------------------------------------------
     0 | D:1      | bande the Gargoyle Fighter began the quest for the Orb.
     0 | D:1      | Reached XP level 1. HP: 14/14 MP: 1/1
   205 | D:1      | Reached XP level 2. HP: 19/19 MP: 2/2
   608 | D:1      | Found a faded altar of an unknown god.
   876 | D:2      | Noticed Terence
   893 | D:2      | Killed Terence
   894 | D:2      | Reached XP level 3. HP: 6/23 MP: 3/3
  1344 | D:2      | Reached XP level 4. HP: 29/29 MP: 4/4
  2022 | D:2      | Noticed Jessica
  2028 | D:2      | Killed Jessica
  2029 | D:2      | Reached XP level 5. HP: 33/33 MP: 5/5
  2182 | D:3      | Noticed Grinder
  2196 | D:3      | Paralysed by Grinder for 6 turns
  2210 | D:3      | Paralysed by Grinder for 7 turns
  2214 | D:3      | Slain by Grinder

Illustrated notes

Levels and vault maps discovered:
D:1:      dpeg_arrival_erosion, layout_basic, ebering_ecumenical_altar_hall,
          minivault_14, ebering_dispersal_statue_hall
D:2:      layout_basic, minmay_joined_circles, uniq_terence, uniq_jessica
D:3:      layout_rooms, nemelex_spade_bored_becter, lemuel_crystal_altar,
          serial_shops, shop, uniq_robin, uniq_natasha, uniq_grinder

Skill      XL: |  1  2  3  4  5 |
---------------+----------------+-----
Axes           | 2 3 |  3.4
Fighting       | 4 |  4.0
Armour         | 4 |  4.0
Shields        | |  3.9

Action                   |  1- 3 |  4- 6 || total
-------------------------+-------+-------++-------
Melee: War axe           |    57 |    79 ||   136
  Use: Scroll            |     1 |       ||     1
Armor: Scale mail        |    12 |       ||    12
       Chain mail        |    28 |    48 ||    76
Dodge: Dodged            |    26 |    19 ||    45
Block: Buckler           |    12 |    20 ||    32

Table legend: (Time is in decaauts)
 A = Elapsed time spent in this place.
 B = Non-inter-level travel time spent in this place.
 C = Inter-level travel time spent in this place.
 D = Time resting spent in this place.
 E = Time spent auto-exploring this place.
 F = Levels seen in this place.
 G = Mean time per level.
                   A        B        C        D        E       F      G
               +--------+--------+--------+--------+--------+-----+--------+
         Total |   2263 |   2215 |     48 |    234 |   1567 |   3 |  754.3 |
       Dungeon |   2263 |   2215 |     48 |    234 |   1567 |   3 |  754.3 |
               +--------+--------+--------+--------+--------+-----+--------+

Top non-repeatable levels by time:
     D:2: 1346 daAuts
     D:1: 823 daAuts
     D:3: 92 daAuts
